Map: Acropolis LE

Players

Lambo - Winner!

  • Race: Zerg Zerg
  • Spawn Location: 5:00

tso

  • Race: Zerg Zerg
  • Spawn Location: 11:00

VOD

Have the link to the VOD?

Description

Time

  • Played on: Sept. 6, 2019, 12:13 p.m.
  • Length: 7:54
Show
View Real Time Build Order
Export as new Build Order

Lambo Zerg - Winner!

Build Orders: Hatch First 

Get SALT Encoding   

  12  0:00  Drone  
  13  0:12  Overlord  
  13  0:16  Drone  
  14  0:30  Drone x2  
  16  0:48  Hatchery  
  15  0:50  Drone  
  15  0:54  Drone  
  17  0:57  Drone  
  18  1:08  Extractor  
  17  1:12  Spawning Pool  
  17  1:16  Drone  
  17  1:19  Drone  
  18  1:27  Drone  
  19  1:38  Drone  
  20  1:50  Drone  
  21  1:59  Queen x2  
  21  2:00  Zergling x2  
  21  2:01  Overlord  
  26  2:08  Metabolic Boost  
  26  2:10  Drone  
  26  2:11  Drone  
  28  2:23  Drone x2  
  30  2:33  Hatchery  
  30  2:35  Zergling x2  
  30  2:42  Drone  
  31  2:44  Evolution Chamber  
  31  2:45  Drone  
  31  2:50  Overlord  
  31  2:58  Drone x2  
  33  3:08  Drone x2  
  33  3:09  Roach Warren  
  34  3:13  Zerg Missile Weapons Level 1  
  34  3:14  Zergling x2  
  34  3:16  Zergling x2  
  34  3:19  Zergling x2  
  36  3:21  Drone  
  36  3:22  Drone  
  36  3:26  Drone  
  39  3:29  Zergling x4  
  39  3:34  Overlord  
  41  3:38  Drone  
  42  3:41  Drone  
  42  3:42  Overlord  
  42  3:44  Drone  
  42  3:46  Drone  
  42  3:47  Drone  
  46  3:51  Drone x2  
  48  4:01  Lair, Drone x2  
  48  4:02  Drone  
  50  4:06  Extractor  
  50  4:07  Drone x2, Extractor  
  50  4:11  Queen  
  50  4:13  Drone  
  50  4:15  Drone  
  52  4:18  Drone x2  
  52  4:21  Drone  
  52  4:23  Drone  
  52  4:24  Drone  
  57  4:26  Overlord  
  57  4:27  Drone  
  57  4:33  Drone  
  57  4:35  Drone  
  57  4:36  Overlord  
  58  4:47  Roach  
  58  4:48  Roach x3  
  58  4:51  Roach x3  
  58  4:52  Roach  
  73  4:53  Overlord, Extractor  
  73  4:55  Overlord  
  72  5:01  Glial Reconstitution, Drone x2  
  72  5:03  Overlord  
  72  5:05  Drone  
  75  5:08  Roach x2  
  79  5:17  Roach  
  79  5:20  Zergling x2  
  82  5:22  Drone x2  
  82  5:24  Roach  
  82  5:27  Roach  
  88  5:30  Drone x2  
  88  5:31  Overlord  
  88  5:33  Roach x2, Extractor  
  93  5:36  Overlord  
  93  5:40  Drone x3  
  96  5:48  Roach x2  
  100  5:54  Drone  
  100  5:55  Drone x2  
  103  5:58  Overlord  
  103  5:59  Extractor  
  103  6:00  Roach x6  
  114  6:09  Overseer  
  114  6:10  Roach x3  
  120  6:14  Evolution Chamber  
  120  6:18  Overlord  
  119  6:19  Drone  
  119  6:20  Drone  
  119  6:22  Drone  
  119  6:23  Drone x3  
  119  6:25  Drone  
  125  6:27  Pneumatized Carapace  
  125  6:30  Ravager  
  126  6:33  Roach x2  
  126  6:35  Hatchery  
  129  6:41  Roach x3  
  135  6:48  Roach  
  135  6:50  Overlord  
  135  6:52  Overlord x2  
  137  6:58  Overlord  
  137  7:01  Overlord  
  137  7:08  Ravager  
  137  7:09  Queen  
  137  7:10  Roach x2  
  137  7:11  Ravager x5  
  137  7:12  Roach x2  
  153  7:17  Roach x4  
  153  7:20  Roach x2  
  165  7:24  Roach  
  165  7:25  Roach  
  169  7:31  Overlord  
  169  7:32  Overlord  
Show
View Real Time Build Order
Export as new Build Order

tso Zerg 

Build Orders: Hatch First 

Get SALT Encoding   

  12  0:01  Drone  
  13  0:13  Overlord  
  13  0:18  Drone  
  14  0:32  Drone x2  
  16  0:49  Hatchery  
  15  0:51  Drone  
  15  0:55  Drone  
  17  0:58  Drone  
  18  1:09  Extractor  
  17  1:13  Spawning Pool  
  17  1:16  Drone  
  17  1:20  Drone  
  18  1:29  Drone  
  19  1:40  Drone  
  20  1:50  Drone  
  22  2:01  Overlord, Drone, Queen x2  
  26  2:12  Drone x2  
  28  2:22  Zergling x4  
  30  2:32  Overlord  
  30  2:34  Drone  
  31  2:37  Queen  
  33  2:46  Drone x2  
  33  2:47  Lair  
  35  2:55  Evolution Chamber, Roach Warren  
  35  2:56  Drone x2  
  35  3:10  Overlord, Drone  
  35  3:11  Drone x3  
  39  3:17  Evolution Chamber  
  38  3:21  Zerg Missile Weapons Level 1  
  38  3:22  Drone  
  38  3:23  Extractor  
  38  3:24  Extractor  
  37  3:35  Drone x4  
  41  3:42  Drone x4  
  48  3:48  Drone x3  
  48  3:51  Drone  
  48  3:56  Roach  
  48  3:59  Overlord  
  49  4:05  Overlord  
  49  4:06  Glial Reconstitution  
  49  4:08  Roach  
  49  4:19  Roach x4  
  56  4:29  Roach x3  
  60  4:40  Hatchery  
  60  4:42  Drone  
  59  4:47  Drone x2  
  59  4:48  Drone  
  59  4:49  Drone  
  64  4:53  Roach  
  64  4:54  Drone  
  64  4:59  Overseer  
  65  5:03  Drone  
  65  5:04  Extractor  
  65  5:07  Drone x2  
  65  5:12  Overlord x2  
  65  5:14  Overlord  
  67  5:16  Overlord  
  67  5:23  Zerg Missile Weapons Level 2  
  67  5:28  Zerg Ground Armor Level 1  
  67  5:31  Drone  
  67  5:33  Extractor  
  67  5:34  Drone x2  
  67  5:35  Extractor  
  68  5:40  Drone x2  
  68  5:41  Drone  
  68  5:42  Drone  
  72  5:43  Drone  
  72  5:48  Drone x2  
  72  5:49  Drone  
  74  5:53  Roach  
  76  6:06  Roach x5  
  76  6:10  Drone  
  76  6:11  Queen  
  85  6:15  Overlord  
  87  6:20  Roach x3  
  87  6:24  Overlord  
  93  6:26  Drone  
  93  6:29  Ravager x4  
  102  6:33  Roach x2  
  102  6:37  Roach x3  
  108  6:44  Overlord  
  108  6:52  Roach x6  
  120  6:55  Overlord  
  122  7:01  Roach  
  122  7:02  Overlord x2  
  122  7:05  Overlord  
  122  7:09  Roach x2  
  126  7:18  Roach x4  
  126  7:20  Overlord  
  126  7:22  Overlord  
  134  7:24  Roach  
  134  7:26  Overlord  
  140  7:30  Roach x2  
  140  7:32  Overlord  
Tags
 
Add a new tag
Caveats
  • Supply blocks, unpowered buildings, or Contaminate may cause inaccurate times.
  • Supply counts are checked every 10 seconds.